AoeStats
← President of USA

Nomad

510303273Analyzed
4v4 RM · 23h ago on Sep 30, 2026· 37m 56s· 8 players
Game mode
Random Map
Map size
231×231
Population
200
Speed
Normal
Resources
Standard
Victory
Conquest
Starting age
Dark Age
Ending age
Imperial Age
RankedLock teamsTeams togetherTeam positionsShared explorationLock speedFull tech treeHidden civsTurbo modeCheats
Victory
Defeat
🇨🇳 Varangians · China
1199
+14
🇹🇼 Danes · Taiwan
1164
+15
🇫🇷 Mongols · France
1072
+19
🇹🇼 Huns · Taiwan
1022
+21
🇨🇳 Burgundians · China
1182
-19
🇨🇳 Italians · China
1180
-19
🇨🇳 Huns · China
1132
-17
🇨🇳 Khmer · China
1072
-14
flandle
3:24 Loom
15:41 Feudal Age
16:50 Double-Bit Axe
17:12 Horse Collar
20:04 Castle Age
18:21 Fishing Lines
19:00 Stone Mining
19:04 Gold Mining
21:55 Bow Saw
25:27 Imperial Age
24:49 Treadmill Crane
26:00 Pikeman
27:49 Chemistry
27:40 Forging
27:36 Fletching
绫地宁宁
4:26 Loom
10:17 Double-Bit Axe
14:39 Feudal Age
15:47 Bow Saw
17:53 Gold Mining
20:27 Castle Age
20:58 Fletching
24:21 Scale Barding Armor
27:29 Chain Barding Armor
32:32 Horse Collar
35:16 Wheelbarrow
36:55 Hand Cart
汐之
18:03 Feudal Age
21:16 Castle Age
20:19 Double-Bit Axe
20:18 Horse Collar
22:16 Bow Saw
23:02 Stone Mining
24:02 Wheelbarrow
24:47 Heavy Plow
30:17 Hand Cart
31:04 Gold Mining
31:52 Bloodlines
31:43 Husbandry
33:31 Gold Shaft Mining
34:41 Forging
34:37 Scale Barding Armor
38:45 Imperial Age
37:12 Husbandry
President of USA
4:19 Loom
15:19 Feudal Age
19:45 Castle Age
17:59 Horse Collar
26:09 Wheelbarrow
28:15 Double-Bit Axe
28:51 Heavy Plow
奧萬大谷翔平
14:44 Feudal Age
15:19 Double-Bit Axe
15:57 Loom
17:06 Loom
20:25 Castle Age
19:40 Fishing Lines
20:06 Town Watch
20:37 Stone Mining
22:03 Pikeman
23:03 Pikeman
Noroad
15:31 Feudal Age
14:34 Loom
19:03 Castle Age
17:02 Horse Collar
17:15 Gold Mining
17:36 Double-Bit Axe
19:59 Wheelbarrow
21:31 Scale Barding Armor
25:11 Chain Barding Armor
26:03 Forging
28:55 Hand Cart
32:18 Iron Casting
33:41 Husbandry
33:52 Bloodlines
38:56 Imperial Age
遠方的燈
4:36 Loom
17:00 Feudal Age
18:17 Double-Bit Axe
19:36 Scale Barding Armor
19:42 Forging
22:15 Castle Age
23:25 Bloodlines
23:21 Husbandry
24:21 Bow Saw
24:05 Gold Mining
25:06 Chain Barding Armor
29:02 Horse Collar
35:23 Town Watch
36:15 Wheelbarrow
36:41 Heavy Plow
36:36 Light Cavalry
Morgoth_Ak
6:22 Loom
14:14 Feudal Age
15:02 Double-Bit Axe
15:10 Gold Mining
18:54 Wheelbarrow
18:24 Fishing Lines
22:47 Castle Age
24:23 Bow Saw
24:21 Gillnets
25:14 Squires
26:21 Stone Mining
27:52 Hand Cart
28:47 Bloodlines
28:29 Town Watch
33:37 Imperial Age
31:44 Fletching
34:41 Conscription
34:43 Drill
35:47 Bodkin Arrow
35:52 Padded Archer Armor
35:53 Pikeman
36:47 Capped Ram
38:25 Leather Archer Armor
38:10 Bracer
Connection lost

Rejoining the realm…

Still unreachable

The connection could not be restored.

Session expired

The server has moved on; the page needs a fresh start.